MID
BOWLING GREEN HOT RODS @ LANSING LUGNUTS
08/18/2045
 
TOP OF THE 1ST
Bowling Green Hot Rods batting - Pitching for Lansing Lugnuts : RHP Andres de Leon
Pitching: RHP Andres de Leon
Batting: RHB Jonathan Fraire 0-0: Ball
1-0: Foul Ball, location: 2F
1-1: Swinging Strike
1-2: Ball
2-2: Foul Ball, location: 2F
2-2: Ball
3-2: Strikes out swinging
Batting: LHB Mark Marvin 0-0: Foul Ball, location: 2F
0-1: Foul Ball, location: 2F
0-2: Ball
1-2: TRIPLE (Flyball, 8RXD, EV 105.6 MPH)
Batting: SHB Lou Kroneman 0-0: Ball
1-0: Called Strike
1-1: Foul Ball, location: 2F
1-2: Fly out, F8 (Line Drive, 8LD, EV 96.9 MPH)
Runner from 3rd tags up, SCORES, throw by CF
Batting: RHB David Ward 0-0: Called Strike
0-1: Ball
1-1: Ball
2-1: SINGLE (Line Drive, 7S, EV 100.6 MPH)
Batting: RHB Azedine Kirui 0-0: Ball
1-0: Foul Ball, location: 2F
1-1: Swinging Strike
1-2: Fly out, F4 (Flyball, 4MD, EV 92.5 MPH)
Top of the 1st over - 1 run, 2 hits, 0 errors, 1 left on base; Bowling Green 1 - Lansing 0
BOTTOM OF THE 1ST
Lansing Lugnuts batting - Pitching for Bowling Green Hot Rods : RHP Jason Cheek
Pitching: RHP Jason Cheek
Batting: RHB Justin Geiger 0-0: Ball
1-0: Called Strike
1-1: Foul Ball, location: 2F
1-2: Fly out, F9 (Line Drive, 9, EV 86.9 MPH)
Batting: RHB Dylan Phillips 0-0: Fly out, F5 (Popup, 56S, EV 78.1 MPH)
Batting: RHB Butch Koglin 0-0: Called Strike
0-1: Foul Ball, location: 2F
0-2: Foul Ball, location: 2F
0-2: Ball
1-2: Ball
2-2: Ball
3-2: Foul Ball, location: 2F
3-2: Foul Ball, location: 2F
3-2: SINGLE (Groundball, 4M, EV 103.8 MPH) (infield hit)
Batting: RHB Jon Aguilar 0-0: Called Strike
0-1: Called Strike
0-2: SINGLE (Line Drive, 5D, EV 105.6 MPH)
Butch Koglin to second
Batting: SHB Jack Andrews 0-0: Foul Ball, location: 2F
0-1: Ball
1-1: Foul Ball, location: 2F
1-2: Ball
2-2: Strikes out swinging
Bottom of the 1st over - 0 runs, 2 hits, 0 errors, 2 left on base; Bowling Green 1 - Lansing 0
TOP OF THE 2ND
Bowling Green Hot Rods batting - Pitching for Lansing Lugnuts : RHP Andres de Leon
Batting: SHB Julio Hernandez 0-0: Ball
1-0: Ground out U3 (Groundball, 3, EV 89.4 MPH)
Batting: LHB Dan Hunt 0-0: Ball
1-0: Ground out 4-3 (Groundball, 4, EV 105.0 MPH)
Batting: RHB Mark Richert 0-0: Foul Ball, location: 2F
0-1: Ball
1-1: Foul Ball, location: 2F
1-2: DOUBLE (Flyball, 78D, EV 100.0 MPH)
Batting: RHB Gabriel Duarte 0-0: Ball
1-0: Ball
2-0: Swinging Strike
2-1: Swinging Strike
2-2: Foul Ball, location: 2F
2-2: Strikes out swinging
Top of the 2nd over - 0 runs, 1 hit, 0 errors, 1 left on base; Bowling Green 1 - Lansing 0
BOTTOM OF THE 2ND
Lansing Lugnuts batting - Pitching for Bowling Green Hot Rods : RHP Jason Cheek
Batting: RHB Takanibu Kaneshiro 0-0: Called Strike
0-1: Ball
1-1: Foul Ball, location: 2F
1-2: SINGLE (Groundball, 34D, EV 95.6 MPH)
Batting: RHB Justin Powell 0-0: Ball
Takanibu Kaneshiro is caught stealing 2nd base 2-4
1-0: Ball
2-0: Ground out 4-3 (Groundball, 34, EV 101.9 MPH)
Batting: RHB Brian Manson 0-0: Called Strike
0-1: Foul Ball, location: 2F
0-2: Ball
1-2: Ball
2-2: Ground out 6-3 (Groundball, 6, EV 109.4 MPH)
Bottom of the 2nd over - 0 runs, 1 hit, 0 errors, 0 left on base; Bowling Green 1 - Lansing 0
TOP OF THE 3RD
Bowling Green Hot Rods batting - Pitching for Lansing Lugnuts : RHP Andres de Leon
Batting: RHB Jonathan Fraire 0-0: Swinging Strike
0-1: Ball
1-1: Foul Ball, location: 2F
1-2: Ball
2-2: Foul Ball, location: 2F
2-2: Ball
3-2: Base on Balls
Batting: LHB Mark Marvin 0-0: Ball
1-0: Fielders Choice at 2nd, 1-6 (Groundball, 13, EV 68.1 MPH)
Batting: SHB Lou Kroneman 0-0: Called Strike
0-1: Ball
1-1: Swinging Strike
1-2: Ball
2-2: Fly out, F3 (Line Drive, 3, EV 66.9 MPH)
Lined into DP, U3 (Line Drive, 3, EV 70.6 MPH)
Top of the 3rd over - 0 runs, 0 hits, 0 errors, 0 left on base; Bowling Green 1 - Lansing 0
BOTTOM OF THE 3RD
Lansing Lugnuts batting - Pitching for Bowling Green Hot Rods : RHP Jason Cheek
Batting: RHB Josh Swartzentruber 0-0: Ball
1-0: Ground out 6-3 (Groundball, 6, EV 85.6 MPH)
Batting: RHB Justin Geiger 0-0: Fly out, F7 (Flyball, 7D, EV 91.2 MPH)
Batting: RHB Dylan Phillips 0-0: Ball
1-0: Ball
2-0: Called Strike
2-1: Foul Ball, location: 2F
2-2: Ball
3-2: Foul Ball, location: 2F
3-2: Foul Ball, location: 2F
3-2: SINGLE (Line Drive, 9S, EV 91.9 MPH)
Batting: RHB Butch Koglin 0-0: Called Strike
0-1: Ball
Dylan Phillips is caught stealing 2nd base 2-4
Bottom of the 3rd over - 0 runs, 1 hit, 0 errors, 0 left on base; Bowling Green 1 - Lansing 0
TOP OF THE 4TH
Bowling Green Hot Rods batting - Pitching for Lansing Lugnuts : RHP Andres de Leon
Batting: RHB David Ward 0-0: Swinging Strike
0-1: Ground out 4-3 (Groundball, 4S, EV 80.6 MPH)
Batting: RHB Azedine Kirui 0-0: Ball
1-0: Foul Ball, location: 2F
1-1: Ball
2-1: Foul Ball, location: 2F
2-2: Ball
3-2: DOUBLE (Line Drive, 7LS, EV 95.6 MPH)
Batting: SHB Julio Hernandez 0-0: Swinging Strike
0-1: Called Strike
0-2: Ball
1-2: Foul Ball, location: 2F
1-2: Ball
2-2: Ball
3-2: Strikes out swinging
Batting: LHB Dan Hunt 0-0: Ball
1-0: Ball
2-0: Called Strike
2-1: Swinging Strike
2-2: Strikes out looking
Top of the 4th over - 0 runs, 1 hit, 0 errors, 1 left on base; Bowling Green 1 - Lansing 0
BOTTOM OF THE 4TH
Lansing Lugnuts batting - Pitching for Bowling Green Hot Rods : RHP Jason Cheek
Batting: RHB Butch Koglin 0-0: Ground out 4-3 (Groundball, 4, EV 80.6 MPH)
Batting: RHB Jon Aguilar 0-0: Ball
1-0: Called Strike
1-1: Ball
2-1: Ball
3-1: Fly out, F3 (Popup, 3SF, EV 70.6 MPH)
Batting: SHB Jack Andrews 0-0: Called Strike
0-1: Foul Ball, location: 2F
0-2: Foul Ball, location: 2F
0-2: Strikes out looking
Bottom of the 4th over - 0 runs, 0 hits, 0 errors, 0 left on base; Bowling Green 1 - Lansing 0
TOP OF THE 5TH
Bowling Green Hot Rods batting - Pitching for Lansing Lugnuts : RHP Andres de Leon
Batting: RHB Mark Richert 0-0: Ball
1-0: Called Strike
1-1: Foul Ball, location: 2F
1-2: Ground out 4-3 (Groundball, 4, EV 106.2 MPH)
Batting: RHB Gabriel Duarte 0-0: Foul Ball, location: 2F
0-1: Ball
1-1: Ball
2-1: Ball
3-1: Base on Balls
Batting: RHB Jonathan Fraire 0-0: Called Strike
0-1: Ball
1-1: Swinging Strike
1-2: Strikes out swinging
Batting: LHB Mark Marvin 0-0: Ball
1-0: Ball
2-0: Ball
3-0: Base on Balls
Gabriel Duarte to second
Batting: SHB Lou Kroneman 0-0: Ball
1-0: Fly out, F8 (Flyball, 8RM, EV 91.2 MPH)
Top of the 5th over - 0 runs, 0 hits, 0 errors, 2 left on base; Bowling Green 1 - Lansing 0
BOTTOM OF THE 5TH
Lansing Lugnuts batting - Pitching for Bowling Green Hot Rods : RHP Jason Cheek
Batting: RHB Takanibu Kaneshiro 0-0: Ball
1-0: Called Strike
1-1: Ball
2-1: Ball
3-1: Called Strike
3-2: Foul Ball, location: 2F
3-2: Base on Balls
Batting: RHB Justin Powell 0-0: Ball
1-0: Called Strike
1-1: SINGLE (Groundball, 4M, EV 106.2 MPH) (infield hit)
Takanibu Kaneshiro to second
Pinch Hitting: LHB Tony Vitela 0-0: Called Strike
0-1: Swinging Strike
0-2: Ball
1-2: Ball
2-2: Ball
3-2: Base on Balls
Takanibu Kaneshiro to third
Justin Powell to second
Pinch Hitting: LHB Sonny Flood 0-0: Called Strike
0-1: Reached on error, E3 (Groundball, 3, EV 85.0 MPH)
Takanibu Kaneshiro scores
Justin Powell to third
Tony Vitela to second
Batting: RHB Justin Geiger 0-0: Ball
1-0: Ball
2-0: Swinging Strike
2-1: Ball
3-1: Fly out, F8 (Flyball, 89D, EV 103.1 MPH)
Runner from 3rd tags up, SCORES, throw by CF
Tony Vitela to third
Batting: RHB Dylan Phillips 0-0: Ball
Sonny Flood is caught stealing 2nd base 2-4
1-0: Foul Ball, location: 2F
1-1: Foul Ball, location: 2F
1-2: Ground out 6-3 (Groundball, 6, EV 85.0 MPH)
Bottom of the 5th over - 2 runs, 1 hit, 1 error, 1 left on base; Bowling Green 1 - Lansing 2
TOP OF THE 6TH
Bowling Green Hot Rods batting - Pitching for Lansing Lugnuts : RHP Andres de Leon
Now at 3B: Jack Andrews
Now at SS: Alfredo Colon
Now in CF: Jon Aguilar
Now in RF: Sonny Flood
Batting: RHB David Ward 0-0: Called Strike
0-1: Ball
1-1: Ball
2-1: Ball
3-1: Base on Balls
Batting: RHB Azedine Kirui 0-0: Foul Ball, location: 2F
0-1: Foul Ball, location: 2F
0-2: Strikes out swinging
Batting: SHB Julio Hernandez 0-0: Ball
1-0: Foul Ball, location: 2F
1-1: Ball
2-1: Foul Ball, location: 2F
2-2: Strikes out swinging
Pitching: RHP Jordan Jacobo
Batting: LHB Dan Hunt 0-0: SINGLE (Groundball, 23, EV 76.9 MPH) (infield hit)
David Ward to second
Batting: RHB Mark Richert 0-0: Ball
1-0: Swinging Strike
1-1: Fly out, F7 (Flyball, 7S, EV 90.6 MPH)
Top of the 6th over - 0 runs, 1 hit, 0 errors, 2 left on base; Bowling Green 1 - Lansing 2
BOTTOM OF THE 6TH
Lansing Lugnuts batting - Pitching for Bowling Green Hot Rods : RHP Jason Cheek
Batting: RHB Butch Koglin 0-0: Called Strike
0-1: Ball
1-1: Ball
2-1: Ball
3-1: Base on Balls
Batting: RHB Jon Aguilar 0-0: Called Strike
0-1: Fly out, F9 (Flyball, 9S, EV 94.4 MPH)
Batting: SHB Jack Andrews 0-0: Ball
1-0: Called Strike
1-1: Ball
Wild Pitch!
Butch Koglin to second
2-1: Fly out, F9 (Flyball, 9LM, EV 91.9 MPH)
Batting: RHB Takanibu Kaneshiro 0-0: Ball
1-0: Ball
2-0: Foul Ball, location: 2F
2-1: Ground out 5-3 (Groundball, 5L, EV 108.1 MPH)
Bottom of the 6th over - 0 runs, 0 hits, 0 errors, 1 left on base; Bowling Green 1 - Lansing 2
TOP OF THE 7TH
Bowling Green Hot Rods batting - Pitching for Lansing Lugnuts : RHP Jordan Jacobo
Batting: RHB Gabriel Duarte 0-0: Ball
1-0: Ball
2-0: Called Strike
2-1: Foul Ball, location: 2F
2-2: Ball
3-2: Foul Ball, location: 2F
3-2: Ground out 6-3 (Groundball, 6, EV 83.8 MPH)
Batting: RHB Jonathan Fraire 0-0: Foul Ball, location: 2F
0-1: Called Strike
0-2: SINGLE (Groundball, 6MD, EV 101.2 MPH)
Batting: LHB Mark Marvin 0-0: Ball
Jonathan Fraire steals 2nd base (no throw)
1-0: Ball
2-0: Called Strike
2-1: Foul Ball, location: 2F
2-2: DOUBLE (Line Drive, 78M, EV 94.4 MPH)
Jonathan Fraire scores
Batting: SHB Lou Kroneman 0-0: Foul Ball, location: 2F
0-1: Ground out 5-3 (Groundball, 56S, EV 91.9 MPH)
Batting: RHB David Ward 0-0: Ground out 4-3 (Groundball, 4, EV 81.2 MPH)
Top of the 7th over - 1 run, 2 hits, 0 errors, 1 left on base; Bowling Green 2 - Lansing 2
BOTTOM OF THE 7TH
Lansing Lugnuts batting - Pitching for Bowling Green Hot Rods : RHP Jason Cheek
Batting: RHB Justin Powell 0-0: Foul Ball, location: 2F
0-1: Ball
1-1: Ground out 6-3 (Groundball, 6, EV 100.0 MPH)
Pitching: RHP Jesse Rosa
Pinch Hitting: LHB Ray Whitehead 0-0: Swinging Strike
0-1: Foul Ball, location: 2F
0-2: Ball
1-2: Ball
2-2: Foul Ball, location: 2F
2-2: Ball
3-2: Fly out, F6 (Flyball, 56D, EV 85.0 MPH)
Batting: LHB Sonny Flood 0-0: Foul Ball, location: 2F
0-1: Ball
1-1: Foul Ball, location: 2F
1-2: Ground out 4-3 (Groundball, 4, EV 82.5 MPH)
Bottom of the 7th over - 0 runs, 0 hits, 0 errors, 0 left on base; Bowling Green 2 - Lansing 2
TOP OF THE 8TH
Bowling Green Hot Rods batting - Pitching for Lansing Lugnuts : RHP Jordan Jacobo
Pitching: RHP Jose Ramos
Now at SS: Carlos Renteria
Batting: RHB Azedine Kirui 0-0: Ball
1-0: Ball
2-0: Called Strike
2-1: Fly out, F8 (Flyball, 8LS, EV 88.8 MPH)
Batting: SHB Julio Hernandez 0-0: Ball
1-0: Called Strike
1-1: DOUBLE (Groundball, 5L, EV 96.2 MPH)
Batting: LHB Dan Hunt 0-0: Ball
1-0: Foul Ball, location: 2F
1-1: Fly out, F8 (Flyball, 8LS, EV 86.2 MPH)
Pinch Hitting: SHB Wayne Hattan 0-0: Ball
1-0: Foul Ball, location: 2F
1-1: Ball
2-1: Swinging Strike
2-2: Ball
3-2: Strikes out looking
Top of the 8th over - 0 runs, 1 hit, 0 errors, 1 left on base; Bowling Green 2 - Lansing 2
BOTTOM OF THE 8TH
Lansing Lugnuts batting - Pitching for Bowling Green Hot Rods : RHP Jesse Rosa
Now at SS: Chris Glavin
Pinch Hitting: LHB Aaron Caron 0-0: Called Strike
0-1: Called Strike
0-2: Fly out, F7 (Flyball, 7, EV 89.4 MPH)
Pinch Hitting: LHB Pauli Gassinger 0-0: Ball
1-0: Foul Ball, location: 2F
1-1: Foul Ball, location: 2F
1-2: Foul Ball, location: 2F
1-2: SINGLE (Line Drive, 3D, EV 105.6 MPH)
Batting: RHB Butch Koglin 0-0: Ball
1-0: Ball
2-0: SINGLE (Groundball, 6MD, EV 105.6 MPH)
Pauli Gassinger to second
Batting: RHB Jon Aguilar 0-0: Called Strike
Pauli Gassinger steals 3rd base
0-1: Ball
1-1: Swinging Strike
1-2: DOUBLE (Line Drive, 89XD, EV 103.1 MPH)
Pauli Gassinger scores
Butch Koglin to third
Batting: SHB Jack Andrews 0-0: Ball
1-0: Called Strike
1-1: Ball
2-1: Foul Ball, location: 2F
2-2: Ball
3-2: SINGLE (Groundball, 34D, EV 97.5 MPH)
Butch Koglin scores
Jon Aguilar to third
Runner from 3rd tries for Home, SAFE, throw by RF to home
Pitching: RHP Kingo Tsutsumi
Batting: RHB Takanibu Kaneshiro 0-0: Ball
1-0: Ball
2-0: Foul Ball, location: 2F
2-1: Ball
3-1: SINGLE (Line Drive, 7LM, EV 100.6 MPH)
Jack Andrews to second
Batting: RHB Justin Powell 0-0: Fly out, F8 (Line Drive, 8LD, EV 100.0 MPH)
Batting: RHB Carlos Renteria 0-0: Foul Ball, location: 2F
0-1: Ball
1-1: Foul Ball, location: 2F
1-2: Ball
2-2: SINGLE (Groundball, 56D, EV 112.5 MPH)
Jack Andrews to third
Takanibu Kaneshiro to second
Runner from 3rd tries for Home, SAFE, throw by LF to home
Batting: LHB Sonny Flood 0-0: Ball
1-0: Ball
2-0: Foul Ball, location: 2F
2-1: Fly out, F6 (Flyball, 4MD, EV 74.4 MPH)
Bottom of the 8th over - 4 runs, 6 hits, 0 errors, 2 left on base; Bowling Green 2 - Lansing 6
TOP OF THE 9TH
Bowling Green Hot Rods batting - Pitching for Lansing Lugnuts : RHP Jose Ramos
Pitching: RHP Eli Hernandez
Now at 1B: Vinny Luna
Now at 2B: Elliot Manfredini
Batting: RHB Gabriel Duarte 0-0: Called Strike
0-1: Ball
1-1: Foul Ball, location: 2F
1-2: Foul Ball, location: 2F
1-2: Strikes out swinging
Batting: RHB Jonathan Fraire 0-0: Ball
1-0: Swinging Strike
1-1: Foul Ball, location: 2F
1-2: Fly out, F9 (Flyball, 89D, EV 91.9 MPH)
Batting: LHB Mark Marvin 0-0: Called Strike
0-1: Ball
1-1: Swinging Strike
1-2: Fly out, F4 (Flyball, 4MD, EV 80.6 MPH)
Top of the 9th over - 0 runs, 0 hits, 0 errors, 0 left on base; Bowling Green 2 - Lansing 6
Wednesday, June 22nd , 2022 - OOTP Baseball 23.4 Build 64